 Dungeon Crawl Stone Soup version 0.17-a0-18-gc25b939 (console) character file.

137 Monkaria the Slasher (level 5, -7/47 HPs)
             Began as a Minotaur Chaos Knight on Mar 6, 2015.
             Mangled by Crazy Yiuf
             ... wielding a +3 quarterstaff of chaos
              (20 damage)
             ... on level 2 of the Dungeon.
             The game lasted 00:01:19 (1042 turns).

Monkaria the Slasher (Minotaur Chaos Knight)        Turns: 1042, Time: 00:01:19

Health: -7/47      AC:  5    Str: 17    XL:     5   Next: 0%
Magic:  2/2        EV: 11    Int:  9    God:    Xom [..*...]
Gold:   57         SH:  0    Dex: 10    Spells: 0 memorised, 4 levels left

rFire  . . .     SeeInvis .     a - +0 falchion (chaos)
rCold  . . .     Clarity  .     b - +2 leather armour
rNeg   . . .     SustAb   .     (no shield)
rPois  .         Gourm    .     (helmet restricted)
rElec  .         Spirit   .     (no cloak)
rCorr  .         Warding  .     (no gloves)
rMut   .         Stasis   .     (no boots)
MR     .....                    (no amulet)
Stlth  +.........               (no ring)
                                (no ring)

@: slowed, very slow, not resistant to hostile enchantments, very unstealthy
A: retaliatory headbutt, horns 2
a: Renounce Religion


You were on level 2 of the Dungeon.
You worshipped Xom.
You were a toy of Xom.
You were not hungry.

You visited 1 branch of the dungeon, and saw 2 of its levels.

You collected 57 gold pieces.

Inventory:

Hand weapons
 a - a +0 falchion of chaos (weapon)
Armour
 b - a +2 leather armour (worn)
Scrolls
 f - a scroll of immolation {unknown}
 h - a scroll of identify {unknown}
 i - a scroll of remove curse {unknown}
Potions
 g - a potion of invisibility {unknown}
 j - a potion of poison {unknown}
 k - a potion of agility {unknown}
Comestibles
 c - a bread ration
 d - a meat ration


   Skills:
 + Level 4.9 Fighting
 * Level 6.0 Long Blades
 - Level 2.4 Armour
 - Level 1.1 Dodging


You had 4 spell levels left.
You didn't know any spells.

Dungeon Overview and Level Annotations

Branches:
Dungeon (2/15)

Altars:
Gozag

Annotations:
D:2 Crazy Yiuf


Innate Abilities, Weirdness & Mutations

You reflexively headbutt those who attack you in melee.
You have a pair of horns on your head.


Message History

Crazy Yiuf closely misses you.
Crazy Yiuf hits you with a quarterstaff of chaos!
You slash Crazy Yiuf!
Crazy Yiuf is moving more slowly.
You headbutt Crazy Yiuf, but do no damage.
Crazy Yiuf is moderately wounded.
You feel sick.
Crazy Yiuf hits you with a quarterstaff of chaos!
You are electrocuted!
* * * LOW HITPOINT WARNING * * *
Drink which item? (? for menu, Esc to quit)
It was a potion of curing.
You feel better.
Xom thinks this is hilarious!
Crazy Yiuf hits you with a quarterstaff of chaos!
* * * LOW HITPOINT WARNING * * *
You feel yourself slow down.
You hit Crazy Yiuf but do no damage.
Crazy Yiuf is heavily wounded.
Crazy Yiuf hits you with a quarterstaff of chaos!!
You die...
Xom guffaws!

....##...#
#.#.......##.#
######...#
#.#.......##.#
#####
###....#####.#
##..## #.#
#.P..# #.#
#.PP## #.#
##.## #.##
##@# #g# ##.
.# .. ..# .)#
###


You could see Crazy Yiuf (berserk).

Vanquished Creatures
  A boggart (shapeshifter) (D:2)
  A river rat (D:2)
  A giant mite (D:1)
  3 giant geckos
  2 bats (D:1)
  3 goblins (D:1)
  7 hobgoblins (D:1)
  3 jackals (D:1)
  2 kobolds (D:1)
  A ball python (D:1)
  A giant cockroach (D:2)
  5 giant newts (D:1)
  3 rats
33 creatures vanquished.

Notes
Turn   | Place    | Note
--------------------------------------------------------------
     0 | D:1      | Monkaria, the Minotaur Chaos Knight, began the quest for the Orb.
     0 | D:1      | Reached XP level 1. HP: 19/19 MP: 1/1
    16 | D:1      | Reached skill level 4 in Long Blades
    23 | D:1      | Reached XP level 2. HP: 25/27 MP: 1/1
   361 | D:1      | XOM: divination: magic mapping
   446 | D:1      | Reached XP level 3. HP: 33/33 MP: 2/2
   581 | D:1      | XOM: harmless Necr miscast
   944 | D:2      | Reached skill level 5 in Long Blades
   946 | D:2      | Found an opulent altar of Gozag.
   980 | D:2      | Noticed a boggart
   980 | D:2      | a worm changed into a boggart
   980 | D:2      | XOM: harmless Erth miscast
   985 | D:2      | Killed a boggart
   985 | D:2      | Reached skill level 6 in Long Blades
   985 | D:2      | Reached XP level 4. HP: 32/41 MP: 2/2
   985 | D:2      | Reached XP level 5. HP: 36/47 MP: 2/2
  1020 | D:2      | Noticed Crazy Yiuf
  1042 | D:2      | Mangled by Crazy Yiuf

Action                   |  1- 3 |  4- 6 || total
-------------------------+-------+-------++-------
Melee: Falchion          |    75 |     7 ||    82
  Use: Potion            |       |     1 ||     1
 Stab: Petrifying        |     1 |       ||     1
